 Dungeon Crawl Stone Soup version 0.23.2-1-ga50397a (webtiles) character file.

Game seed: 108600713370158565

6888 poirepourri the Transmogrifier (level 11, -2/86 HPs)
             Began as a Merfolk Transmuter on May 10, 2019.
             Was an Initiate of Gozag.
             Slain by a hippogriff (4 damage)
             ... on level 9 of the Dungeon.
             The game lasted 00:11:44 (15670 turns).

poirepourri the Transmogrifier (MfTm)              Turns: 15670, Time: 00:11:44

Health: -2/86      AC:  3    Str: 15    XL:     11   Next: 6%
Magic:  22/23      EV: 14    Int: 13    God:    Gozag
Gold:   359        SH:  4    Dex: 22    Spells: 11/26 levels left

rFire    + . .     SeeInvis .   c - +2 trident (pierce)
rCold    + + .     Gourm    .   (no shield)
rNeg     . . .     Faith    .   b - +0 robe
rPois    .         Spirit   .   (helmet restricted)
rElec    .         Reflect  +   r - +0 cloak
rCorr    .         Harm     .   (no gloves)
MR       .....                  (no boots)
Stlth    ++........             h - +4 amulet of reflection
HPRegen  0.24/turn              F - ring of Polytheism {Wiz rC+ Dex+4}
MPRegen  0.18/turn              d - ring of protection from fire

@: mighty, gold aura
A: change form in water, swift swim, stealthy swim, beak, horns 1, cold
resistance 1
a: Potion Petition, Call Merchant, Bribe Branch, Renounce Religion


You were on level 9 of the Dungeon.
You worshipped Gozag.
Gozag was aware of your devotion.
You were very hungry.

You visited 1 branch of the dungeon, and saw 10 of its levels.

You collected 1806 gold pieces.
You paid 1447 gold pieces to Gozag.

Inventory:

Hand Weapons
 c - a +2 trident of piercing (weapon)
Missiles
 a - 141 arrows
 i - 4 tomahawks (quivered)
 n - 8 poisoned javelins
Armour
 b - a +0 robe (worn)
 g - a +0 helmet
 r - a +0 cloak (worn)
Jewellery
 d - a ring of protection from fire (right hand)
 e - an uncursed ring of positive energy
 h - a +4 amulet of reflection (around neck)
 j - an uncursed ring of poison resistance {unknown}
 s - an uncursed ring of stealth {unknown}
 C - an uncursed ring of see invisible
 F - the ring of Polytheism (left hand) {Wiz rC+ Dex+4}
   (You found it on level 8 of the Dungeon)

   [ring of wizardry]

   It improves your spell success rate.
   It affects your dexterity (+4).
   It protects you from cold.
Wands
 f - a wand of polymorph (8)
 p - a wand of random effects (9)
 x - a wand of acid (9)
 y - a wand of digging (4)
 A - a wand of paralysis (9)
Scrolls
 m - 3 scrolls of remove curse
 q - 2 scrolls of teleportation
 t - 6 scrolls of identify {unknown}
 u - 4 scrolls of enchant weapon {unknown}
 v - 2 scrolls of enchant armour {unknown}
 w - 3 scrolls of amnesia
 z - a scroll of magic mapping {unknown}
 D - a scroll of immolation {unknown}
Potions
 o - a potion of heal wounds
 B - a potion of flight
 E - a potion of resistance {unknown}
 G - a potion of lignification {unknown}
Comestibles
 l - 11 rations


   Skills:
 - Level 8.0 Fighting
 - Level 11.2 Polearms
 - Level 2.6 Dodging
 - Level 3.2 Unarmed Combat
 + Level 8.0 Spellcasting
 - Level 12.1 Transmutations


You had 11 spell levels left.
You knew the following spells:

 Your Spells              Type           Power        Failure   Level  Hunger
a - Beastly Appendage     Tmut           #####.       1%          1    None
b - Sticks to Snakes      Tmut           #####...     1%          2    None
c - Spider Form           Tmut/Pois      ###.......   1%          3    ##.....
d - Ice Form              Ice/Tmut       ###.....     4%          4    ####...
e - Blade Hands           Tmut           #####.....   1%          5    #####..

Your spell library contained the following spells:

 Spells                   Type           Power        Failure   Level  Hunger


Dungeon Overview and Level Annotations

Branches:
Dungeon (10/15)            Temple (0/1) D:7
   Lair: D:8-11         Orc: D:9-12

Altars:
Cheibriados
Dithmenos
Gozag
Hepliaklqana
Kikubaaqudgha
Okawaru
Qazlal
Trog


Innate Abilities, Weirdness & Mutations

You revert to your normal form in water You are very nimble and swift while swimming.
You are very stealthy in the water. (Stealth+)
You have a beak for a mouth.
You have a pair of small horns on your head.
Your flesh is cold resistant. (rC+)


Message History

The orc warrior barely misses you.
You barely miss the orc warrior.
The orc warrior is severely wounded.
The hippogriff completely misses you. The hippogriff misses you.
The hippogriff barely misses you.
You hit the orc warrior but do no damage.
You peck the orc warrior, but do no damage.
The orc warrior is severely wounded.
The orc warrior hits you with a +0 battleaxe!!
* * * LOW HITPOINT WARNING * * *
The hippogriff bites you!
* * * LOW HITPOINT WARNING * * *
You block the hippogriff's attack. The hippogriff claws you!
* * * LOW HITPOINT WARNING * * *
You puncture the orc warrior!
You kill the orc warrior!
Your Spellcasting skill increases to level 8!
The hippogriff bites you.
You die...
Your body crumbles into a pile of gold.

#.# #......... #.#
#.........
#####.###.........
#.................
#.###.###.........
#.# #.# ####......
#.# #.#### #######
#$###....#########
#@H.........(.....
####..........###.
#..........# #.
#.)........# #.
#....≈.....# #.
#....≈≈....# #.
#.....≈....# ##
#.....≈≈...# #
#.....≈≈...# #


You could see a hippogriff.

Vanquished Creatures
  A two-headed ogre (D:8)
  A wind drake (shapeshifter) (D:9)
  2 wyverns
  10 yaks
  3 hogs (D:8)
  A human (D:8)
  2 water moccasins
  A black bear (D:8)
  3 orc warriors
  2 sky beasts (D:8)
  3 eyes of draining (D:9)
  A necrophage (D:9)
  3 ogres (D:9)
  2 centaurs
  A crocodile (D:9)
  3 big kobolds (D:9)
  2 bullfrogs
  3 scorpions
  A killer bee (D:9)
  2 howler monkeys
  3 wights (D:9)
  3 electric eels (D:9)
  A jelly (D:9)
  A centaur zombie (D:9)
  2 gnoll shamans
  2 crimson imps (D:9)
  2 bullfrog skeletons
  5 orc priests
  Crazy Yiuf (D:5)
  2 centaur skeletons
  5 hounds
  4 orc wizards (D:7)
  2 iguanas
  6 worker ants
  A killer bee zombie (D:8)
  A hound zombie (D:6)
  16 adders
  11 gnolls
  4 worms
  4 dart slugs
  4 leopard geckos
  21 orcs
  A ball python (D:4)
  8 bats
  5 giant cockroaches
  12 goblins
  6 hobgoblins
  2 jackals
  4 quokkas
  4 frilled lizards
  A jackal skeleton (D:4)
  7 kobolds
  A leopard gecko skeleton (D:8)
  A quokka skeleton (D:4)
  8 rats
208 creatures vanquished.

Vanquished Creatures (collateral kills)
  A bat (D:3)
1 creature vanquished.

Grand Total: 209 creatures vanquished

Notes
Turn   | Place    | Note
-------+----------+-------------------------------------------
     0 | D:1      | poirepourri the Merfolk Transmuter began the quest for the
                  | Orb.
     0 | D:1      | Reached XP level 1. HP: 15/15 MP: 3/3
   465 | D:1      | Reached XP level 2. HP: 21/21 MP: 3/5
   468 | D:1      | Reached skill level 3 in Transmutations
   533 | D:1      | Learned a level 2 spell: Sticks to Snakes
  1143 | D:1      | Reached XP level 3. HP: 24/26 MP: 6/6
  1144 | D:1      | Reached skill level 4 in Transmutations
  1170 | D:1      | Learned a level 3 spell: Spider Form
  1998 | D:2      | Found a snail-covered altar of Cheibriados.
  2043 | D:2      | Found an opulent altar of Gozag.
  2055 | D:2      | Became a worshipper of Gozag Ym Sagoz the Greedy
  2361 | D:2      | Found a shadowy altar of Dithmenos.
  2455 | D:2      | Found an iron altar of Okawaru.
  2629 | D:2      | Reached skill level 5 in Transmutations
  2629 | D:2      | Reached XP level 4. HP: 31/32 MP: 7/7
  3800 | D:3      | Reached skill level 6 in Transmutations
  4112 | D:3      | Reached XP level 5. HP: 33/37 MP: 7/9
  5125 | D:3      | Learned a level 5 spell: Blade Hands
  5328 | D:4      | Found a hazy altar of Hepliaklqana.
  5465 | D:4      | Reached XP level 6. HP: 43/43 MP: 12/12
  5818 | D:4      | Reached skill level 1 in Polearms
  5852 | D:5      | Entered Level 5 of the Dungeon
  7036 | D:5      | Reached skill level 5 in Polearms
  7036 | D:5      | Reached XP level 7. HP: 27/48 MP: 13/13
  7710 | D:5      | Found a runed translucent door.
  7711 | D:5      | Noticed Crazy Yiuf
  7797 | D:5      | Killed Crazy Yiuf
  9044 | D:6      | Reached XP level 8. HP: 54/54 MP: 14/14
  9331 | D:6      | Found a stormy altar of Qazlal.
  9403 | D:7      | Found a staircase to the Ecumenical Temple.
  9419 | D:7      | Learned a level 4 spell: Ice Form
  9539 | D:7      | Reached skill level 10 in Polearms
  9632 | D:7      | Gained mutation: Your flesh is cold resistant. (rC+)
                  | [potion of mutation]
  9632 | D:7      | Gained mutation: You have a beak for a mouth. [potion of
                  | mutation]
  9632 | D:7      | Gained mutation: You have a pair of small horns on your
                  | head. [potion of mutation]
 11010 | D:8      | Got a shimmering glass ring
 11074 | D:8      | Reached skill level 5 in Fighting
 11074 | D:8      | Reached XP level 9. HP: 56/68 MP: 15/15
 11076 | D:8      | Identified the ring of Polytheism {Wiz rC+ Dex+4} (You
                  | found it on level 8 of the Dungeon)
 11454 | D:8      | Noticed a two-headed ogre
 11459 | D:8      | Killed a two-headed ogre
 11657 | D:8      | Reached skill level 7 in Transmutations
 12070 | D:8      | Reached skill level 8 in Transmutations
 12099 | D:8      | Reached skill level 9 in Transmutations
 12119 | D:8      | Reached XP level 10. HP: 19/80 MP: 16/16
 12610 | D:9      | Reached skill level 10 in Transmutations
 12767 | D:9      | Found an ancient bone altar of Kikubaaqudgha.
 12871 | D:9      | Found a bloodstained altar of Trog.
 12883 | D:9      | Reached skill level 11 in Transmutations
 13060 | D:9      | Reached skill level 12 in Transmutations
 13507 | D:9      | Reached skill level 5 in Spellcasting
 13952 | D:9      | HP: 4/96 [yak (3)]
 14529 | D:9      | Reached XP level 11. HP: 21/86 MP: 20/22
 14954 | D:9      | Identified the +3 leather armour "Hero's Friend" {rN+ MR-
                  | SInv}
 14978 | D:9      | HP: 2/103 [electric eel/bolt of electricity (14)]
 15633 | D:10     | Entered Level 10 of the Dungeon
 15669 | D:9      | HP: 1/86 [hippogriff (7)]
 15670 | D:9      | Slain by a hippogriff

Skill      XL: |  1  2  3  4  5  6  7  8  9 10 11 |
---------------+----------------------------------+-----
Transmutations | 3 5 6 9 12 | 12.1
Spellcasting   | 4 7 8 |  8.0
Polearms       | 5 8 11 | 11.2
Fighting       | 5 8 |  8.0
Dodging        | |  2.6
Unarmed Combat | |  3.2

Action                   |  1- 3 |  4- 6 |  7- 9 | 10-12 || total
-------------------------+-------+-------+-------+-------++-------
Melee: Unarmed           |   116 |    31 |     6 |    65 ||   218
       Headbutt          |     8 |       |    25 |    40 ||    73
       Trident           |       |   174 |   279 |   175 ||   628
       Punch             |       |     4 |     2 |     3 ||     9
       Peck              |       |       |    23 |    39 ||    62
 Cast: Beastly Appendage |    11 |       |       |       ||    11
       Spider Form       |     2 |       |     1 |       ||     3
       Sticks to Snakes  |       |     3 |       |     5 ||     8
       Ice Form          |       |       |       |     7 ||     7
Invok: Potion Petition   |     1 |     1 |     2 |     1 ||     5
Evoke: Wand              |       |       |     2 |       ||     2
  Use: Scroll            |     2 |     3 |       |     2 ||     7
       Potion            |     2 |       |     6 |     5 ||    13
 Stab: Sleeping          |     1 |     3 |     1 |     2 ||     7
       Invisible         |       |       |     8 |     3 ||    11
       Distracted        |       |       |     2 |     4 ||     6
  Eat: Ration            |     2 |     5 |     5 |     2 ||    14
Armor: Robe              |    25 |    29 |    24 |     6 ||    84
       Skin              |       |       |     1 |    20 ||    21
Dodge: Dodged            |    90 |   146 |   158 |    82 ||   476
Block: Other             |       |    34 |    28 |    25 ||    87
       Reflection        |       |       |       |     1 ||     1
